 Dungeon Crawl Stone Soup version 0.21-a0-215-g0631661 (webtiles) character file.

210461 Leszczynek the Brawler (level 17, -11/215 HPs)
             Began as a Troll Skald on Aug 22, 2017.
             Was the Champion of Ashenzari.
             Mangled by a very large slime creature (45 damage)
             ... on level 5 of the Pits of Slime.
             The game lasted 01:49:28 (14760 turns).

Leszczynek the Brawler (Troll Skald)               Turns: 14760, Time: 01:49:29

Health: -11/215    AC: 32    Str: 22    XL:     17   Next: 71%
Magic:  0/21       EV: 15    Int: 12    God:    Ashenzari [******]
Gold:   429        SH: 13    Dex: 11    Spells: 6/26 levels left

rFire    . . .     SeeInvis +     - Unarmed
rCold    + . .     Gourm    +   C - +1 shield of Honour {+Inv MR+} (curse)
rNeg     + + .     Faith    .   (armour currently unavailable)
rPois    ∞         Spirit   +   (helmet restricted)
rElec    +         Reflect  .   q - +2 ratskin cloak {+Rats rPois rN+ Str-1 Int-1 Dex+1} (curse)
rCorr    +         Harm     .   (gloves unavailable)
MR       ++...     Clarity  +   (boots unavailable)
Stlth    +.........             t - amulet of guardian spirit (curse)
HPRegen  1.25/turn              D - ring of resist corrosion
MPRegen  0.17/turn              L - +4 ring of protection (curse)

@: statue-form, very slow
A: unfitting armour, claws 3, cold resistance 1, fast metabolism 3, gourmand,
low mp 1, poison resistance, regeneration 2, wild magic 1
}: 2/15 runes: serpentine, barnacled
a: End Transformation, Curse Item, Scrying, Transfer Knowledge, Renounce
Religion, Evoke Ratskin, Evoke Invisibility


You were on level 5 of the Pits of Slime.
You worshipped Ashenzari.
Ashenzari was exalted by your worship.
You were not hungry.
You were a stone statue.
You visited 6 branches of the dungeon, and saw 36 of its levels.
You also visited: Labyrinth and Ice Cave.

You collected 2328 gold pieces.
You spent 1899 gold pieces at shops.

Inventory:

Hand Weapons
 c - a +3 scimitar of flaming
 U - a +4 blowgun
Missiles
 b - 22 steel javelins
 B - 37 large rocks
 F - 5 throwing nets
 Q - 58 javelins (quivered)
 S - 20 tomahawks
 Z - 23 silver javelins
Armour
 q - the cursed +2 ratskin cloak (worn) {+Rats rPois rN+ Str-1 Int-1 Dex+1}
   (You bought it in a shop on level 10 of the Dungeon)

   It affects your strength (-1).
   It affects your intelligence (-1).
   It affects your dexterity (+1).
   It protects you from poison.
   It protects you from negative energy.
   It has a curse placed upon it.
 v - a +0 large shield
 C - the cursed +1 shield of Honour (worn) {+Inv MR+}
   (You acquired it on level 4 of the Snake Pit)

   It affects your resistance to hostile enchantments.
   It lets you turn invisible.
   It has a curse placed upon it.
 O - a cursed +3 troll leather armour (melded)
Jewellery
 t - a cursed amulet of guardian spirit (around neck)
 u - an uncursed ring of protection from magic
 D - a ring of resist corrosion (left claw)
 K - an uncursed ring of fire
 L - a cursed +4 ring of protection (right claw)
Wands
 a - a wand of scattershot (2/9)
 f - a wand of acid (6/15)
 k - a wand of acid (10/15)
 p - a wand of lightning (5/15)
 H - a wand of confusion (18/48)
 I - a wand of clouds (3/9)
 V - a wand of paralysis (2/24)
 X - a wand of iceblast (3/15)
Scrolls
 e - 8 scrolls of remove curse {@r2}
 j - 8 scrolls of teleportation
 n - 3 scrolls of magic mapping
 o - a scroll of recharging
 A - 3 scrolls of fear
 J - 2 scrolls of fog
 R - a scroll of identify {@r1}
Potions
 i - 9 potions of curing {@q1}
 l - 2 potions of resistance
 m - 4 potions of cancellation
 s - 7 potions of heal wounds {@q2}
 w - 2 potions of might
 y - a potion of berserk rage {!q}
 z - 2 potions of magic
 E - 5 potions of flight
 G - 4 potions of haste
 P - a potion of mutation {!q}
 T - a potion of agility
 Y - 3 potions of brilliance
Miscellaneous
 M - a sack of spiders
 N - a fan of gales
Comestibles
 d - 8 bread rations
 r - 9 meat rations
 x - 4 royal jellies


   Skills:
 - Level 10.0 Fighting
 - Level 1.0 Throwing
 + Level 9.0(11.9) Dodging
 - Level 9.0(11.9) Shields
 - Level 15.1 Unarmed Combat
 - Level 5.2 Spellcasting
 + Level 2.3(4.7) Charms
 + Level 1.1(2.9) Necromancy
 * Level 1.9(4.1) Translocations
 - Level 11.0(13.7) Transmutations
 - Level 13.0(15.6) Earth Magic
 - Level 4.6(7.5) Evocations


You had 6 spell levels left.
You knew the following spells:

 Your Spells              Type           Power        Failure   Level  Hunger
a - Irradiate             Conj/Tmut      ####......   36%         5    ######.
c - Song of Slaying       Chrm           ###.....     7%          2    ##.....
d - Statue Form           Tmut/Erth      #####....    11%         6    #######
e - Summon Butterflies    Summ           #.......     24%         1    None
q - Regeneration          Chrm/Necr      ###.......   17%         3    ###....
A - Apportation           Tloc           ###...       6%          1    None
B - Blink                 Tloc           N/A          9%          2    ##.....


Dungeon Overview and Level Annotations

Branches:
Dungeon (15/15)              Lair (6/6) D:10         Shoals (4/4) Lair:2
  Snake (4/4) Lair:2        Slime (5/5) Lair:5          Orc (2/2) D:10
    Elf (0/3) Orc:2
 Temple: D:4-7       Vaults: D:13-14     Depths: D:15

Altars:
Ashenzari
Elyvilon
Makhleb
Nemelex Xobeh
Okawaru
Ru
The Shining One
Jiyva

Shops:
D:10 [   D:11 [   Orc:2 =[%[   Snake:1 !(!?

Portals:
Hell: Lair:6

Annotations:
D:8 melvinkitnick's ghost, novice DDFi
D:13 Kirke
D:14 vaults


Innate Abilities, Weirdness & Mutations

You are too large for most types of armour.
You have claws for hands.
Your metabolism is lightning-fast.
You like to eat raw meat.
You heal very quickly.
((You are covered in fur. (AC +1)))
((You have very tough skin. (AC +2)))
Your flesh is cold resistant. (rC+)
Your magical capacity is low. (-10% MP)
Your system is resistant to poisons. (rPois)
Your spells are a little harder to cast, but a little more powerful.


Message History

The titanic slime creature resists with some effort.
This wand has 18 charges left.
The titanic slime creature hits you!!!!
The titanic slime creature barely misses you.
A titanic slime creature splits.
Unknown command.
You eviscerate the very large slime creature!!!!
The very large slime creature is heavily wounded.
You block the very large slime creature's attack.
The large slime creature hits you!
* * * LOW HITPOINT WARNING * * *
You mangle the very large slime creature!!
The very large slime creature is heavily wounded.
The very large slime creature hits you!!
* * * LOW HITPOINT WARNING * * *
You block the large slime creature's attack.
Unknown command.
You claw the very large slime creature!
The very large slime creature is severely wounded.
The very large slime creature hits you!!!
You die...

, ,, ,.........................
,,, ,,,.........................
,, ,,,...........JJ............
,, ,,, .........................
.......,....####..####...........
.........J. ##.# #...........
.........,*# ∆*#.§#*∆##..........
..........##)∆∆#J##∆∆/###........
.........##$)/##8J##%:!##........
........##!=φ=$....$}([%###......
.......#*#%!:(..J...!:)}**,......
.....{.# ##!$.=....).!$#** .....
.....{.#####..........##** ,..,
.....{{J#§.............., , , ,,
......JJJ.#............# , ,,
......J#####..........## , ,,
......J#* (!.}....}.$(# ,,,, ,,


You could see a titanic slime creature (confused), a very large slime creature
and a large slime creature.

Vanquished Creatures
  the Royal Jelly (Slime:5)
  Saint Roka (Orc:2)
  19 acid blobs
  Polyphemus (Shoals:4)
  12 azure jellies
  Roxanne (Shoals:2)
  6 nagarajas (Snake:4)
  Ilsuiw (Shoals:4)
  7 merfolk javelineers
  9 death oozes
  A minotaur (Lab)
  Josephine (Lair:4)
  5 merfolk impalers (Shoals:4)
  6 great orbs of eyes
  A hell beast (Lair:6)
  8 naga warriors
  A catoblepas (Shoals:4)
  3 hydras
  2 merfolk avatars
  4 centaur warriors
  7 merfolk aquamancers
  5 two-headed ogres
  4 death yaks (Shoals:4)
  A satyr (Shoals:4)
  4 orc high priests (Orc:2)
  Urug (Orc:1)
  11 naga sharpshooters
  4 shock serpents
  Nergalle (Orc:1)
  5 sea snakes
  A kraken simulacrum (Shoals:4)
  2 unseen horrors
  5 naga ritualists (Snake:4)
  A wizard (Lair:6)
  6 harpies (Shoals:4)
  3 orc sorcerers (Orc:2)
  10 manticores
  A deep elf mage (D:13)
  5 mana vipers
  4 ugly things
  3 cyclopes
  8 fauns (Shoals:2)
  4 merfolk sirens
  5 salamanders
  5 elephants
  24 black mambas
  3 ice statues (IceCv)
  A smoke demon (Lair:6)
  A centaur zombie (D:12)
  13 naga magi
  4 water nymphs
  2 eyes of devastation
  3 orange demons (Lair:6)
  6 spiny frogs
  7 komodo dragons
  4 rime drakes
  A gargoyle (D:10)
  An efreet (D:14)
  An ice devil (Lair:6)
  A centaur skeleton (D:12)
  7 trolls
  A red devil (Lair:6)
  14 merfolk
  7 wind drakes
  4 polar bears (Lair:2)
  27 slime creatures
  8 blink frogs
  2 snapping turtles (Shoals:4)
  5 hippogriffs
  3 water elementals
  2 shadows
  2 hogs (D:14)
  6 wraiths
  4 wyverns
  26 yaks
  10 golden eyes (Slime:1)
  5 hungry ghosts
  A basilisk (Lair:3)
  41 nagas
  A warg (Orc:1)
  2 acid dragons
  7 hell hounds
  3 porcupines
  21 orc warriors
  6 water moccasins
  A sky beast (D:13)
  7 black bears (Lair:2)
  11 ice beasts
  A phantom (D:8)
  A necrophage (D:13)
  5 eyes of draining
  8 wolves
  5 ogres
  6 centaurs
  12 crocodiles
  2 big kobolds
  13 bullfrogs
  A wyvern skeleton (D:11)
  2 scorpions
  5 killer bees (D:11)
  2 electric eels (Lair:5)
  6 howler monkeys
  7 jellies
  2 quasits
  4 crimson imps
  2 hounds
  18 orc wizards
  26 orc priests
  A bullfrog skeleton (D:12)
  3 iguanas
  8 worker ants
  2 killer bee zombies (D:7)
  A hound zombie (D:7)
  Robin (D:3)
  9 adders
  3 shadow imps
  12 white imps (Orc:1)
  2 oozes (Lair:5)
  A dart slug (D:3)
  3 leopard geckos
  66 orcs
  5 giant cockroaches
  14 goblins
  6 hobgoblins
  14 jackals
  2 quokkas
  4 bats
  3 goblin skeletons (D:8)
  A goblin zombie (D:8)
  2 hobgoblin zombies (D:8)
  11 kobolds
  A leopard gecko skeleton (D:8)
  5 rats
  A fungus (Lair:6)
  A tentacle (Shoals:4)
812 creatures vanquished.

Vanquished Creatures (others)
  A fungus (Lair:6)
  7 plants (Lair:6)
  3 tentacles (Shoals:4)
11 creatures vanquished.

Grand Total: 823 creatures vanquished

Notes
Turn   | Place    | Note
-------+----------+-------------------------------------------
     0 | D:1      | Leszczynek the Troll Skald began the quest for the Orb.
     0 | D:1      | Reached XP level 1. HP: 19/19 MP: 1/1
    77 | D:1      | Reached XP level 2. HP: 23/27 MP: 2/2
    81 | D:1      | Reached skill level 3 in Unarmed Combat
    97 | D:1      | Learned a level 2 spell: Shroud of Golubria
   222 | D:1      | Reached XP level 3. HP: 31/33 MP: 3/3
   454 | D:3      | Found a shattered altar of Ashenzari.
   469 | D:3      | Became a worshipper of Ashenzari the Shackled
   479 | D:3      | Noticed Robin
   486 | D:3      | Killed Robin
   486 | D:3      | Reached skill level 4 in Unarmed Combat
   522 | D:3      | Reached XP level 4. HP: 41/41 MP: 4/4
   635 | D:4      | Noticed an ogre
   638 | D:4      | Ouch! That really hurt!
   640 | D:4      | Killed an ogre
   640 | D:4      | Reached skill level 5 in Unarmed Combat
   640 | D:4      | Reached XP level 5. HP: 23/48 MP: 2/5
   641 | D:4      | ez
   653 | D:4      | Found an iron altar of Okawaru.
   708 | D:5      | Entered Level 5 of the Dungeon
   841 | D:6      | Reached skill level 6 in Unarmed Combat
   873 | D:5      | Reached XP level 6. HP: 54/55 MP: 6/6
  1052 | D:7      | Reached skill level 7 in Unarmed Combat
  1189 | D:6      | Found a sparkling altar of Nemelex Xobeh.
  1255 | D:7      | Found a sacrificial altar of Ru.
  1256 | D:7      | Reached * piety under Ashenzari
  1361 | D:8      | Reached XP level 7. HP: 62/62 MP: 7/7
  1385 | D:8      | Reached skill level 8 in Unarmed Combat
  1506 | D:7      | Reached skill level 9 in Unarmed Combat
  1513 | D:7      | Reached skill level 2 in Fighting
  1521 | D:7      | Reached skill level 2 in Dodging
  1650 | D:8      | Reached XP level 8. HP: 43/74 MP: 4/8
  1664 | D:8      | wait
  1664 | D:8      | you get piety even without cursed items?
  1664 | D:8      | huh
  1670 | D:7      | Reached skill level 3 in Fighting
  1783 | D:8      | Noticed melvinkitnick's ghost (novice DDFi)
  1912 | D:8      | Found a glowing golden altar of the Shining One.
  1957 | D:8      | Reached skill level 3 in Dodging
  1958 | D:8      | Reached skill level 4 in Fighting
  2200 | D:9      | Noticed a two-headed ogre
  2208 | D:9      | Killed a two-headed ogre
  2208 | D:9      | Reached skill level 6 in Fighting
  2208 | D:9      | Reached skill level 4 in Dodging
  2208 | D:9      | Reached XP level 9. HP: 55/89 MP: 3/9
  2254 | D:10     | Entered Level 10 of the Dungeon
  2254 | D:10     | Noticed a gargoyle
  2349 | D:10     | Killed a gargoyle
  2501 | D:10     | Found Qawoox's Armour Boutique.
  2502 | D:10     | Found a staircase to the Orcish Mines.
  2607 | D:10     | Reached skill level 5 in Dodging
  2607 | D:10     | Reached skill level 10 in Unarmed Combat
  2653 | D:11     | Noticed a two-headed ogre
  2664 | D:11     | HP: 26/138 [two-headed ogre/giant club (11)]
  2665 | D:11     | Killed a two-headed ogre
  2665 | D:11     | Reached skill level 7 in Fighting
  2665 | D:11     | Reached XP level 10. HP: 29/102 MP: 3/10
  2812 | D:11     | Noticed a two-headed ogre
  2839 | D:11     | Killed a two-headed ogre
  2884 | D:11     | Reached ** piety under Ashenzari
  2910 | D:11     | Reached skill level 11 in Unarmed Combat
  2992 | D:11     | Reached skill level 6 in Dodging
  3171 | D:12     | Noticed a manticore
  3190 | D:12     | Killed a manticore
  3392 | D:13     | Noticed a centaur warrior
  3392 | D:13     | Noticed an unseen horror
  3392 | D:13     | Noticed a cyan ugly thing
  3392 | D:13     | Noticed a two-headed ogre
  3406 | D:12     | Killed a two-headed ogre
  3406 | D:12     | Reached skill level 8 in Fighting
  3406 | D:12     | Reached skill level 12 in Unarmed Combat
  3406 | D:12     | Reached XP level 11. HP: 59/111 MP: 4/11
  3414 | D:12     | Learned a level 3 spell: Regeneration
  3417 | D:12     | Learned a level 2 spell: Song of Slaying
  3449 | D:13     | Noticed Kirke
  3568 | D:13     | nope
  3583 | D:12     | Killed a cyan ugly thing
  3630 | D:13     | Killed an unseen horror
  3708 | D:13     | Gained mutation: Your flesh is cold resistant. (rC+) [mutagenic meat]
  3709 | D:13     | Gained mutation: You are agile. (Dex +2) [mutagenic meat]
  3710 | D:13     | Gained mutation: Your magical capacity is low. (-10% MP) [mutagenic meat]
  3711 | D:13     | Gained mutation: You heal very quickly. [mutagenic meat]
  3719 | D:13     | Killed a centaur warrior
  3719 | D:13     | Reached skill level 7 in Dodging
  3722 | D:13     | Lost mutation: You are agile. (Dex +2) [mutagenic meat]
  3841 | D:13     | Noticed a centaur warrior
  3848 | D:13     | Killed a centaur warrior
  3859 | D:13     | Noticed a deep elf mage
  3888 | D:13     | Killed a deep elf mage
  4047 | D:14     | Reached skill level 13 in Unarmed Combat
  4094 | D:14     | Reached skill level 1 in Throwing
  4171 | D:14     | Reached skill level 1 in Evocations
  4204 | D:14     | HP: 16/113 [cyclops (28)]
  4301 | D:15     | Entered Level 15 of the Dungeon
  4316 | D:15     | Noticed a centaur warrior
  4339 | D:15     | Killed a centaur warrior
  4339 | D:15     | Reached skill level 2 in Evocations
  4448 | D:15     | Reached skill level 9 in Fighting
  4448 | D:15     | Reached skill level 2 in Spellcasting
  4500 | D:15     | Noticed a centaur warrior
  4508 | D:15     | Killed a centaur warrior
  4508 | D:15     | Reached XP level 12. HP: 47/123 MP: 4/13
  4623 | D:14     | Reached *** piety under Ashenzari
  4646 | D:14     | Reached skill level 3 in Spellcasting
  4646 | D:14     | Reached skill level 3 in Evocations
  4661 | D:14     | Learned a level 6 spell: Statue Form
  4699 | D:14     | Noticed a two-headed ogre
  4708 | D:14     | Killed a two-headed ogre
  4708 | D:14     | Reached skill level 1 in Earth Magic
  4731 | D:14     | Reached skill level 1 in Transmutations
  4953 | D:11     | Found Poxaotusa's Armour Shoppe.
  5062 | D:11     | Reached skill level 2 in Earth Magic
  5093 | D:10     | Gained mutation: Your system is resistant to poisons. (rPois) [mutagenic meat]
  5094 | D:10     | Gained mutation: Your spells are a little harder to cast, but a little more powerful. [mutagenic meat]
  5095 | D:10     | Gained mutation: You have sharp toenails. [mutagenic meat]
  5096 | D:10     | Lost mutation: You have sharp toenails. [mutagenic meat]
  5177 | D:10     | Reached skill level 2 in Transmutations
  5206 | D:10     | Found a white marble altar of Elyvilon.
  5274 | D:10     | Found a staircase to the Lair.
  5333 | Lair:1   | Entered Level 1 of the Lair of Beasts
  5405 | Lair:1   | Reached skill level 3 in Earth Magic
  5570 | Lair:2   | Reached skill level 3 in Transmutations
  5655 | Lair:2   | Reached skill level 4 in Earth Magic
  5666 | Lair:2   | Reached skill level 4 in Evocations
  5868 | Lair:2   | Found a staircase to the Snake Pit.
  5938 | Lair:3   | Reached **** piety under Ashenzari
  5988 | Lair:4   | Reached skill level 4 in Transmutations
  6015 | Lair:4   | Reached skill level 5 in Earth Magic
  6040 | Lair:4   | josephine
  6206 | Lair:3   | Learned a level 1 spell: Apportation
  6208 | Lair:3   | Learned a level 1 spell: Summon Butterflies
  6302 | Lair:2   | Found a staircase to the Shoals.
  6349 | Lair:3   | Reached XP level 13. HP: 118/131 MP: 11/14
  6481 | Lair:4   | Reached skill level 6 in Earth Magic
  6494 | Lair:4   | Reached skill level 5 in Transmutations
  6516 | Lair:4   | Noticed Josephine
  6555 | Lair:4   | Killed Josephine
  6822 | Lair:5   | Found a staircase to the Slime Pits.
  6854 | Lair:6   | Entered Level 6 of the Lair of Beasts
  6882 | Lair:6   | oh, hell ending
  6882 | Lair:6   | nice to know
  6911 | Lair:6   | Reached skill level 7 in Earth Magic
  6967 | Lair:6   | Reached skill level 6 in Transmutations
  7045 | Lair:6   | Found a burning altar of Makhleb.
  7265 | Lair:6   | Found a gateway to Hell.
  7350 | Lair:6   | Reached skill level 8 in Earth Magic
  7618 | Lair:6   | you can regenerate hp, but you can't regenerate heads, ha!
  7672 | Lair:6   | Reached skill level 7 in Transmutations
  7908 | Lair:4   | Reached ***** piety under Ashenzari
  8114 | D:10     | Bought the +2 ratskin cloak {+Rats rPois rN+ Str-1 Int-1 Dex+1} for 472 gold pieces
  8114 | D:10     | Found the +2 ratskin cloak {+Rats rPois rN+ Str-1 Int-1 Dex+1}
  8159 | Orc:1    | Entered Level 1 of the Orcish Mines
  8191 | Orc:1    | Found a frozen archway.
  8259 | IceCv    | Entered an ice cave
  8333 | IceCv    | Learned a level 2 spell: Blink
  8494 | IceCv    | Reached skill level 9 in Earth Magic
  8560 | Orc:1    | Noticed Urug
  8580 | Orc:1    | Killed Urug
  8804 | Orc:2    | Entered Level 2 of the Orcish Mines
  8804 | Orc:2    | Noticed Saint Roka
  8805 | Orc:2    | plz
  8882 | Orc:1    | Noticed Nergalle
  8893 | Orc:1    | Killed Nergalle
  8893 | Orc:1    | Reached XP level 14. HP: 138/140 MP: 13/15
  8944 | Orc:2    | Found a labyrinth entrance.
  8981 | Lab      | Entered a labyrinth
  9845 | Orc:2    | Found a staircase to the Elven Halls.
  9928 | Orc:2    | Reached skill level 8 in Transmutations
  9997 | Orc:2    | Killed Saint Roka
 10003 | Orc:2    | Reached skill level 10 in Earth Magic
 10338 | Orc:2    | Found Ograst's Jewellery Shop.
 10338 | Orc:2    | Found Qixuren's Armour Shop.
 10344 | Orc:2    | Found Toudib's Food Boutique.
 10344 | Orc:2    | Found Tinowkaill's Armour Boutique.
 10573 | Snake:1  | Entered Level 1 of the Snake Pit
 10597 | Snake:1  | Found Kotial's Magic Scroll Emporium.
 10600 | Snake:1  | Bought a scroll of identify for 40 gold pieces
 10600 | Snake:1  | Bought a scroll of identify for 40 gold pieces
 10600 | Snake:1  | Bought a scroll of identify for 40 gold pieces
 10600 | Snake:1  | Bought a scroll of remove curse for 60 gold pieces
 10600 | Snake:1  | Bought a scroll of fog for 40 gold pieces
 10704 | Snake:1  | Found Loumegil's Distillery.
 10710 | Snake:1  | Reached skill level 4 in Spellcasting
 10723 | Snake:1  | Found Inoin's Distillery.
 10727 | Snake:1  | Found Enli's Weapon Shoppe.
 10742 | Snake:1  | Bought a potion of might for 68 gold pieces
 10742 | Snake:1  | Bought a potion of might for 68 gold pieces
 10742 | Snake:1  | Bought a potion of heal wounds for 85 gold pieces
 10742 | Snake:1  | Bought a potion of might for 68 gold pieces
 10742 | Snake:1  | Bought a potion of heal wounds for 85 gold pieces
 10742 | Snake:1  | Bought 2 potions of heal wounds for 170 gold pieces
 10742 | Snake:1  | Bought a potion of curing for 51 gold pieces
 10742 | Snake:1  | Bought a potion of cancellation for 136 gold pieces
 10742 | Snake:1  | Bought a potion of heal wounds for 85 gold pieces
 10742 | Snake:1  | Bought 2 potions of curing for 102 gold pieces
 10742 | Snake:1  | Bought 2 potions of agility for 136 gold pieces
 10742 | Snake:1  | Bought 2 potions of flight for 102 gold pieces
 10742 | Snake:1  | Bought a potion of flight for 51 gold pieces
 10742 | Snake:1  | i have shoals, i can buy these too
 10910 | Snake:3  | Reached skill level 9 in Transmutations
 10949 | Snake:4  | Entered Level 4 of the Snake Pit
 10993 | Snake:2  | Reached skill level 5 in Spellcasting
 11142 | Snake:4  | Reached skill level 11 in Earth Magic
 11142 | Snake:4  | Reached XP level 15. HP: 71/146 MP: 6/19
 11198 | Snake:4  | Identified a scroll of acquirement
 11199 | Snake:4  | Got the cursed shield of Honour {+Inv MR+}
 11525 | Snake:4  | Noticed a nagaraja
 11530 | Snake:4  | Killed a nagaraja
 11530 | Snake:4  | Reached skill level 10 in Transmutations
 11540 | Snake:4  | Noticed a nagaraja
 11545 | Snake:4  | Noticed a nagaraja
 11547 | Snake:4  | Killed a nagaraja
 11559 | Snake:4  | Killed a nagaraja
 11590 | Snake:4  | Reached skill level 12 in Earth Magic
 11692 | Snake:4  | Noticed a nagaraja
 11699 | Snake:4  | Noticed a nagaraja
 11708 | Snake:4  | Killed a nagaraja
 11715 | Snake:4  | Killed a nagaraja
 11828 | Snake:4  | Noticed a nagaraja
 11835 | Snake:4  | Killed a nagaraja
 11890 | Snake:4  | Got a serpentine rune of Zot
 12249 | Lair:2   | Reached skill level 1 in Shields
 12311 | Shoals:1 | Entered Level 1 of the Shoals
 12311 | Shoals:1 | Reached ****** piety under Ashenzari
 12382 | Shoals:2 | Noticed Roxanne
 12421 | Shoals:2 | Reached skill level 2 in Shields
 12472 | Shoals:2 | Reached skill level 11 in Transmutations
 12568 | Shoals:3 | Reached XP level 16. HP: 156/156 MP: 10/20
 12572 | Shoals:3 | Reached skill level 3 in Shields
 12623 | Shoals:3 | Reached skill level 13 in Earth Magic
 12668 | Shoals:4 | Entered Level 4 of the Shoals
 12680 | Shoals:4 | Reached skill level 4 in Shields
 12702 | Shoals:4 | Found the +8 demon blade "Bloodbane" {slice, *Rage +Rage Stlth-}
 12781 | Shoals:4 | Found Natogez's Book Shoppe.
 12829 | Shoals:4 | Found the +3 Elemental Staff {rElec rF++ rC++ MR++ AC+5}
 12830 | Shoals:4 | elemental staff
 12847 | Shoals:4 | Noticed Ilsuiw
 12858 | Shoals:4 | Reached skill level 5 in Shields
 12878 | Shoals:4 | Killed Ilsuiw
 12930 | Shoals:4 | Learned a level 5 spell: Irradiate
 12963 | Shoals:4 | Reached skill level 6 in Shields
 13042 | Shoals:4 | Noticed Polyphemus
 13068 | Shoals:4 | Killed Polyphemus
 13068 | Shoals:4 | Reached skill level 7 in Shields
 13171 | Shoals:4 | Identified the cursed +1 shield of Honour {+Inv MR+} (You acquired it on level 4 of the Snake Pit)
 13184 | Shoals:4 | Identified the +6 leather armour of Gestures {rPois rC+ Int+9}
 13242 | Shoals:4 | Reached skill level 8 in Shields
 13403 | Shoals:4 | Reached skill level 9 in Shields
 13411 | Shoals:4 | Got a barnacled rune of Zot
 13533 | Shoals:2 | Killed Roxanne
 13628 | Lair:2   | can i do slime?
 13628 | Lair:2   | xd
 13793 | Slime:1  | Entered Level 1 of the Pits of Slime
 13794 | Slime:1  | Noticed an acid blob
 13800 | Slime:1  | Noticed an acid blob
 13800 | Slime:1  | Killed an acid blob
 13809 | Slime:1  | Killed an acid blob
 13915 | Slime:1  | Noticed an acid blob
 13924 | Slime:1  | Killed an acid blob
 13924 | Slime:1  | Reached XP level 17. HP: 144/163 MP: 13/21
 14027 | Slime:4  | Reached skill level 8 in Dodging
 14038 | Slime:4  | Reached skill level 14 in Unarmed Combat
 14068 | Slime:4  | Noticed an acid blob
 14074 | Slime:4  | Killed an acid blob
 14118 | Slime:5  | Entered Level 5 of the Pits of Slime
 14164 | Slime:5  | Noticed an acid blob
 14168 | Slime:5  | Noticed the Royal Jelly
 14168 | Slime:5  | Killed an acid blob
 14176 | Slime:5  | Noticed an acid blob
 14176 | Slime:5  | Noticed an acid blob
 14177 | Slime:5  | Noticed an acid blob
 14180 | Slime:5  | Noticed an acid blob
 14181 | Slime:5  | Noticed an acid blob
 14181 | Slime:5  | Killed an acid blob
 14182 | Slime:5  | Noticed an acid blob
 14185 | Slime:5  | Noticed an acid blob
 14185 | Slime:5  | Noticed an acid blob
 14191 | Slime:5  | too fast
 14249 | Slime:4  | this is bad
 14340 | Slime:5  | Killed an acid blob
 14354 | Slime:5  | Noticed an acid blob
 14355 | Slime:5  | Noticed an acid blob
 14357 | Slime:5  | Killed an acid blob
 14360 | Slime:5  | Killed an acid blob
 14372 | Slime:5  | Found a viscous altar of Jiyva.
 14375 | Slime:5  | Killed an acid blob
 14381 | Slime:5  | Killed an acid blob
 14395 | Slime:5  | Noticed an acid blob
 14395 | Slime:5  | Noticed an acid blob
 14395 | Slime:5  | Noticed an acid blob
 14398 | Slime:5  | Killed an acid blob
 14401 | Slime:5  | Killed the Royal Jelly
 14401 | Slime:5  | Reached skill level 15 in Unarmed Combat
 14408 | Slime:5  | Killed an acid blob
 14410 | Slime:5  | Noticed an acid blob
 14418 | Slime:5  | Killed an acid blob
 14418 | Slime:5  | Reached skill level 10 in Fighting
 14419 | Slime:5  | HP: 27/166 [large slime creature (24)]
 14421 | Slime:5  | Found the ring of Phasing {EV+8}
 14462 | Slime:4  | oh, i could use song of slaying
 14462 | Slime:4  | forgot about it
 14504 | Slime:4  | Killed an acid blob
 14550 | Slime:5  | Killed an acid blob
 14569 | Slime:5  | Killed an acid blob
 14606 | Slime:5  | Killed an acid blob
 14606 | Slime:5  | Reached skill level 1 in Translocations
 14631 | Slime:5  | Killed an acid blob
 14631 | Slime:5  | Reached skill level 9 in Dodging
 14631 | Slime:5  | Reached skill level 1 in Necromancy
 14759 | Slime:5  | HP: 33/215 [very large slime creature (19)]
 14760 | Slime:5  | Mangled by a very large slime creature

Vault maps used:
D:1:      scummos_arrival_star
D:3:      evilmike_ruin_ashenzari, uniq_robin
D:4:      nicolae_overflow_crystal_walls, fedhas_altar_3,
          makhleb_altar_promises_db, minmay_temple_entry_large_hall,
          minmay_fire_ice_demons
D:5:      zin_treasury, first_bread
D:6:      gammafunk_temple_overflow_wave, lemuel_round_altar, serial_shops,
          nicolae_shop_window_shopping
D:7:      nicolae_ru_awakened_eye, corexii_item_surrounded_by_moat,
          grunt_ogre_cave
D:8:      tgw_sif, nicolae_tso_besieged_by_evil
D:9:      nicolae_qazlal_style_of_elements, serial_shops, shop
D:10:     minmay_lair_entry_lava, orc_david_3, serial_shops, kennysheep_mini,
          elyvilon_altar_3
D:11:     serial_shops, shop, minivault_10
D:12:     minmay_misc_feat_rugged
D:13:     uniq_kirke, uniq_nessos
D:14:     lightli_vaults_fourway_checkpoint, hangedman_decor_peaks_small
D:15:     grunt_enter_depths_magical_seal, serial_shops, shop,
          roderic_lattice_octagonal_star, uniq_rupert
Lair:1:   grunt_megastairs_4
Lair:2:   beast_lair_carwin_large_3, shoals_dummy_entry, dummy_snake_entry
Lair:3:   uniq_sonja
Lair:4:   beast_lair_carwin_3, uniq_josephine
Lair:5:   nicolae_slime_entry_slimehenge, patterned_corridor,
          infiniplex_staircase_pool, lemuel_fruit_tree
Lair:6:   evil_forest, minmay_lair_oklob_items, serial_bayou_shore_b
Shoals:1: nicolae_shoals_loop_pool, uniq_nikola
Shoals:2: uniq_louise, uniq_roxanne
Shoals:3: nicolae_shoals_aquamancer_cove
Shoals:4: shoals_end_grunt_ice, shoals_ilsuiw_alternative, serial_shops,
          nicolae_shop_stone, uniq_polyphemus
Snake:1:  serial_shops, shop, shop, shop, nicolae_shop_trees, nicolae_shop_trees
Snake:3:  cheibrodos_snake_lava_hold, serial_shops, shop, basic_loot_grate_trap
Snake:4:  minmay_snake_end_coiled
Slime:2:  nicolae_slime_welcoming_committee
Orc:1:    nicolae_orc_accident_3, portal_ice_cave_entry_imps, uniq_nergalle,
          uniq_urug
Orc:2:    st_orc_mages, lab_entry_generic, uniq_saint_roka
Lab:      labyrinth_watery, nicolae_lab_x
IceCv:    ice_cave_statue_garden_chambered

Skill      XL: |  1  2  3  4  5  6  7  8  9 10 11 12 13 14 15 16 17 |
---------------+----------------------------------------------------+-----
Unarmed Combat | 3 4 5 6 7 9 10 12 13 15 | 15.1
Fighting       | 2 6 7 8 9 10 | 10.0
Dodging        | 2 4 5 6 7 9 |  9.0
Throwing       | 1 |  1.0
Evocations     | 2 4 |  4.6
Spellcasting   | 2 3 5 |  5.2
Earth Magic    | 5 9 11 12 13 | 13.0
Transmutations | 4 7 9 11 | 11.0
Shields        | 2 9 |  9.0
Translocations | 1 |  1.9
Necromancy     | 1 |  1.1
Charms         | |  2.3

Action                   |  1- 3 |  4- 6 |  7- 9 | 10-12 | 13-15 | 16-18 || total
-------------------------+-------+-------+-------+-------+-------+-------++-------
Melee: Unarmed           |    84 |   111 |   231 |   642 |  1194 |   505 ||  2767
       Punch             |     1 |     3 |     3 |    42 |    71 |    11 ||   131
       Scimitar          |       |       |       |       |    21 |       ||    21
Throw: Javelin           |       |       |     3 |     6 |     7 |     2 ||    18
       Tomahawk          |       |       |       |     1 |       |       ||     1
 Cast: Shroud of Golubri |       |     1 |     3 |    10 |       |       ||    14
       Song of Slaying   |       |       |       |     2 |     2 |       ||     4
       Statue Form       |       |       |       |       |    23 |    28 ||    51
       Regeneration      |       |       |       |       |       |     1 ||     1
       Summon Butterflie |       |       |       |       |       |     1 ||     1
       Blink             |       |       |       |       |       |     1 ||     1
Invok: Curse Item        |       |       |     1 |     2 |     2 |       ||     5
       Scrying           |       |       |       |       |     1 |       ||     1
 Abil: Evoke Ratskin     |       |       |       |       |     1 |     2 ||     3
Evoke: Wand              |       |       |       |     2 |     5 |    16 ||    23
  Use: Scroll            |       |     3 |     3 |    15 |    23 |     8 ||    52
       Potion            |       |       |     1 |     2 |     3 |    11 ||    17
 Stab: Sleeping          |       |     2 |       |     1 |     1 |       ||     4
       Distracted        |       |       |     1 |       |       |       ||     1
       Invisible         |       |       |       |       |       |     3 ||     3
       Paralysed         |       |       |       |       |       |     5 ||     5
       Confused          |       |       |       |       |       |     1 ||     1
  Eat: Chunk             |    10 |     8 |    17 |    46 |    70 |    25 ||   176
       Fruit             |       |       |       |       |    12 |     2 ||    14
       Royal jelly       |       |       |       |       |       |     3 ||     3
       Meat ration       |       |       |       |       |       |     1 ||     1
Armor: Robe              |    29 |    22 |    54 |   136 |       |       ||   241
       Skin              |       |       |     5 |    23 |   398 |   433 ||   859
       Troll leather arm |       |       |       |    51 |   299 |    12 ||   362
Dodge: Dodged            |    31 |    49 |    94 |   348 |   854 |   458 ||  1834
Block: Shield            |       |       |       |       |       |   297 ||   297
       Rpst.: Scimitar   |       |       |       |       |     3 |       ||     3

Table legend:
 A = Spawn XP
 B = Non-spawn XP
 C = Spawn XP percentage of total XP
 D = Spawn monster count
 E = Non-spawn monster count
 F = Spawn count percentage of total count
 G = Total turns spent on level
                    A         B        C        D         E        F      G
               +---------+---------+-------+---------+---------+-------+---------
         Total |   13852 |  254802 |   5.2 |      60 |     725 |   7.6 | 14760
               +---------+---------+-------+---------+---------+-------+---------
           D:1 |       2 |      52 |   3.7 |       1 |      28 |   3.4 |   313
           D:2 |       0 |       8 |   0.0 |       0 |       5 |   0.0 |    95
           D:3 |       0 |      60 |   0.0 |       0 |      18 |   0.0 |   227
           D:4 |       0 |     113 |   0.0 |       0 |       1 |   0.0 |    73
           D:5 |       0 |     202 |   0.0 |       0 |      13 |   0.0 |   280
           D:6 |      11 |      59 |  15.7 |       1 |       2 |  33.3 |   159
           D:7 |      28 |     624 |   4.3 |       1 |      18 |   5.3 |   447
           D:8 |       0 |     798 |   0.0 |       0 |      18 |   0.0 |   359
           D:9 |       3 |    1265 |   0.2 |       1 |       5 |  16.7 |   316
          D:10 |      54 |    2373 |   2.2 |       1 |      46 |   2.1 |   723
          D:11 |     840 |    3577 |  19.0 |       8 |      29 |  21.6 |   772
          D:12 |       0 |    3707 |   0.0 |       0 |      18 |   0.0 |   465
          D:13 |     153 |    4198 |   3.5 |       1 |      14 |   6.7 |   369
          D:14 |    2042 |    3676 |  35.7 |       4 |      19 |  17.4 |   574
          D:15 |     232 |    2830 |   7.6 |       1 |       6 |  14.3 |   264
        Lair:1 |     355 |    2520 |  12.3 |       1 |      11 |   8.3 |   370
        Lair:2 |    1356 |    5535 |  19.7 |       5 |      27 |  15.6 |   686
        Lair:3 |      93 |    2983 |   3.0 |       1 |      16 |   5.9 |   408
        Lair:4 |       0 |    6637 |   0.0 |       0 |      24 |   0.0 |   485
        Lair:5 |     930 |    1908 |  32.8 |       1 |      12 |   7.7 |   343
        Lair:6 |    1966 |   10109 |  16.3 |       3 |      34 |   8.1 |   950
      Shoals:1 |       0 |     566 |   0.0 |       0 |       2 |   0.0 |    87
      Shoals:2 |       0 |   10078 |   0.0 |       0 |      18 |   0.0 |   224
      Shoals:3 |       0 |    5683 |   0.0 |       0 |       8 |   0.0 |   129
      Shoals:4 |    1079 |   42535 |   2.5 |       2 |      65 |   3.0 |   816
       Snake:1 |       0 |    4266 |   0.0 |       0 |      10 |   0.0 |   278
       Snake:2 |     153 |    1546 |   9.0 |       1 |       3 |  25.0 |   110
       Snake:3 |     498 |    7833 |   6.0 |       1 |      12 |   7.7 |   165
       Snake:4 |    2884 |   43834 |   6.2 |       8 |      81 |   9.0 |   959
       Slime:1 |       0 |   11549 |   0.0 |       0 |      23 |   0.0 |   151
       Slime:2 |       0 |    1045 |   0.0 |       0 |       4 |   0.0 |    64
       Slime:4 |       0 |   14660 |   0.0 |       0 |      16 |   0.0 |   381
       Slime:5 |       0 |   36884 |   0.0 |       0 |      22 |   0.0 |   339
         Orc:1 |     870 |    2377 |  26.8 |      11 |      26 |  29.7 |   519
         Orc:2 |     303 |   13556 |   2.2 |       7 |      55 |  11.3 |   761
           Lab |       0 |    1826 |   0.0 |       0 |       5 |   0.0 |   776
         IceCv |       0 |    3330 |   0.0 |       0 |      11 |   0.0 |   291
               +---------+---------+-------+---------+---------+-------+---------
